TOP OF THE 1ST |
Birmingham Barons batting - Pitching for Akron RubberDucks : RHP Corey Larimer
|
Pitching: RHP Corey Larimer
|
|
Batting: RHB Mike Savage
|
0-0: Ball 1-0: Ball 2-0: Ball 3-0: Called Strike 3-1: Base on Balls
|
Batting: LHB Larry Myers
|
0-0: SINGLE (Groundball, 4MD, EV 98.1 MPH) Mike Savage to second
|
Batting: SHB Ruben Velasco Jr.
|
0-0: Foul Ball, location: 2F 0-1: Swinging Strike 0-2: Ball 1-2: Foul Ball, location: 2F 1-2: Strikes out looking
|
Batting: LHB Justin Stickney
|
0-0: Ball 1-0: Swinging Strike 1-1: Swinging Strike 1-2: SINGLE (Line Drive, 4D, EV 102.5 MPH) Mike Savage to third Larry Myers to second
|
Batting: RHB Ethan McCullough
|
0-0: Called Strike 0-1: Ball 1-1: Foul Ball, location: 2F 1-2: Strikes out swinging
|
Batting: LHB Matt Hyde
|
0-0: Ball 1-0: Foul Ball, location: 2F 1-1: Ball 2-1: Ball 3-1: Base on Balls Mike Savage scores Larry Myers to third Justin Stickney to second
|
Batting: RHB Toichiro Fujimoto
|
0-0: SINGLE (Flyball, 8LS, EV 94.4 MPH) Larry Myers scores Justin Stickney to third Matt Hyde to second Runner from 3rd tries for Home, SAFE, throw by CF to home
|
Batting: SHB Josh Conner
|
0-0: Called Strike 0-1: Foul Ball, location: 2F 0-2: Ball 1-2: Ball 2-2: Strikes out swinging
|
Top of the 1st over - 3 runs, 3 hits, 0 errors, 2 left on base; Birmingham 3 - Akron 0 |
BOTTOM OF THE 1ST |
Akron RubberDucks batting - Pitching for Birmingham Barons : RHP Ruben Castro
|
Pitching: RHP Ruben Castro
|
|
Batting: LHB Robby Dann
|
0-0: Ball 1-0: Called Strike 1-1: Called Strike 1-2: Ball 2-2: Ball 3-2: Fly out, F9 (Flyball, 89M, EV 90.6 MPH)
|
Batting: RHB Mitch Boyd
|
0-0: Ball 1-0: Called Strike 1-1: Ground out 6-3 (Groundball, 6, EV 83.8 MPH)
|
Batting: SHB Valentin Laporte
|
0-0: Called Strike 0-1: Ball 1-1: Ball 2-1: Foul Ball, location: 2F 2-2: Ball 3-2: SINGLE (Flyball, 89S, EV 98.1 MPH)
|
Batting: RHB Tristan Wright
|
0-0: Ball 1-0: Ground out 4-3 (Groundball, 4, EV 81.2 MPH)
|
Bottom of the 1st over - 0 runs, 1 hit, 0 errors, 1 left on base; Birmingham 3 - Akron 0 |
TOP OF THE 2ND |
Birmingham Barons batting - Pitching for Akron RubberDucks : RHP Corey Larimer
|
Batting: RHB John Iddings
|
0-0: Ball 1-0: Called Strike 1-1: Swinging Strike 1-2: Foul Ball, location: 2F 1-2: Strikes out looking
|
Batting: RHB Mike Savage
|
0-0: Foul Ball, location: 2F 0-1: DOUBLE (Line Drive, 7LM, EV 99.4 MPH)
|
Batting: LHB Larry Myers
|
0-0: Swinging Strike 0-1: Ground out U3 (Groundball, 3, EV 88.1 MPH) Mike Savage to third
|
Batting: SHB Ruben Velasco Jr.
|
0-0: Ball 1-0: Ball 2-0: Called Strike 2-1: Foul Ball, location: 2F 2-2: Foul Ball, location: 2F 2-2: Ball 3-2: Fly out, F5 (Popup, 56, EV 53.1 MPH)
|
Top of the 2nd over - 0 runs, 1 hit, 0 errors, 1 left on base; Birmingham 3 - Akron 0 |
BOTTOM OF THE 2ND |
Akron RubberDucks batting - Pitching for Birmingham Barons : RHP Ruben Castro
|
Batting: LHB Esteban Cordova
|
0-0: Ball 1-0: Fly out, F9 (Line Drive, 89M, EV 106.2 MPH)
|
Batting: RHB Justin Lauderdale
|
0-0: Ball 1-0: Ball 2-0: Foul Ball, location: 2F 2-1: Ball 3-1: Called Strike 3-2: Strikes out swinging
|
Batting: RHB Anibal Casteles
|
0-0: Ball 1-0: Ball 2-0: Called Strike 2-1: Ball 3-1: Called Strike 3-2: Fly out, F3 (Popup, 3F, EV 78.8 MPH)
|
Bottom of the 2nd over - 0 runs, 0 hits, 0 errors, 0 left on base; Birmingham 3 - Akron 0 |
TOP OF THE 3RD |
Birmingham Barons batting - Pitching for Akron RubberDucks : RHP Corey Larimer
|
Batting: LHB Justin Stickney
|
0-0: Ball 1-0: Called Strike 1-1: Called Strike 1-2: Strikes out swinging
|
Batting: RHB Ethan McCullough
|
0-0: Called Strike 0-1: Foul Ball, location: 2F 0-2: Ground out 6-3 (Groundball, P, EV 82.5 MPH)
|
Batting: LHB Matt Hyde
|
0-0: Called Strike 0-1: Ground out 6-3 (Groundball, 6S, EV 70.0 MPH)
|
Top of the 3rd over - 0 runs, 0 hits, 0 errors, 0 left on base; Birmingham 3 - Akron 0 |
BOTTOM OF THE 3RD |
Akron RubberDucks batting - Pitching for Birmingham Barons : RHP Ruben Castro
|
Batting: RHB Charles Marcel
|
0-0: Ball 1-0: Ball 2-0: Called Strike 2-1: Swinging Strike 2-2: Ball 3-2: Base on Balls
|
Batting: RHB George Wagner
|
0-0: Called Strike 0-1: Fly out, F4 (Popup, 4S, EV 84.4 MPH)
|
Batting: LHB Robby Dann
|
0-0: Fly out, F7 (Flyball, 7D, EV 104.4 MPH)
|
Batting: RHB Mitch Boyd
|
0-0: Called Strike Charles Marcel steals 2nd base 0-1: Ball 1-1: Foul Ball, location: 2F 1-2: Ball 2-2: Ball 3-2: Base on Balls
|
Batting: SHB Valentin Laporte
|
0-0: Ball 1-0: Called Strike 1-1: Ground out U3 (Groundball, 34, EV 108.1 MPH)
|
Bottom of the 3rd over - 0 runs, 0 hits, 0 errors, 2 left on base; Birmingham 3 - Akron 0 |
TOP OF THE 4TH |
Birmingham Barons batting - Pitching for Akron RubberDucks : RHP Corey Larimer
|
Batting: RHB Toichiro Fujimoto
|
0-0: Ball 1-0: Ball 2-0: Foul Ball, location: 2F 2-1: Swinging Strike 2-2: Ball 3-2: Foul Ball, location: 2F 3-2: Foul Ball, location: 2F 3-2: Fly out, F7 (Flyball, 7LMF, EV 105.6 MPH)
|
Batting: SHB Josh Conner
|
0-0: Ball 1-0: Ball 2-0: Called Strike 2-1: Called Strike 2-2: Ball 3-2: Foul Ball, location: 2F 3-2: SINGLE (Groundball, P, EV 83.1 MPH) (infield hit)
|
Batting: RHB John Iddings
|
0-0: Ball 1-0: Ball 2-0: SINGLE (Line Drive, 78M, EV 96.9 MPH) Josh Conner to second
|
Batting: RHB Mike Savage
|
0-0: Called Strike 0-1: Ball 1-1: Fly out, F9 (Flyball, 9D, EV 91.9 MPH) Runner from 2nd tags up, SAFE at 3rd, no throw by RF
|
Batting: LHB Larry Myers
|
0-0: Ground out 4-3 (Groundball, 4, EV 90.0 MPH)
|
Top of the 4th over - 0 runs, 2 hits, 0 errors, 2 left on base; Birmingham 3 - Akron 0 |
BOTTOM OF THE 4TH |
Akron RubberDucks batting - Pitching for Birmingham Barons : RHP Ruben Castro
|
Batting: RHB Tristan Wright
|
0-0: Ground out 1-3 (Groundball, 23, EV 61.2 MPH)
|
Batting: LHB Esteban Cordova
|
0-0: Called Strike 0-1: Ball 1-1: Ball 2-1: Ball 3-1: SINGLE (Flyball, 89S, EV 91.2 MPH)
|
Batting: RHB Justin Lauderdale
|
0-0: Ball 1-0: Foul Ball, location: 2F 1-1: Ball 2-1: Ball 3-1: Swinging Strike 3-2: Base on Balls Esteban Cordova to second
|
Batting: RHB Anibal Casteles
|
0-0: Called Strike 0-1: Swinging Strike 0-2: Ball 1-2: Strikes out looking
|
Pinch Hitting: SHB Edwin Dominguez
|
0-0: Called Strike 0-1: Foul Ball, location: 2F 0-2: Foul Ball, location: 2F 0-2: Foul Ball, location: 2F 0-2: Ball 1-2: Ball 2-2: Ground out U3 (Groundball, 3, EV 85.6 MPH)
|
Bottom of the 4th over - 0 runs, 1 hit, 0 errors, 2 left on base; Birmingham 3 - Akron 0 |
TOP OF THE 5TH |
Birmingham Barons batting - Pitching for Akron RubberDucks : RHP Corey Larimer
|
Now at 3B: Edwin Dominguez
|
|
Batting: SHB Ruben Velasco Jr.
|
0-0: Ball 1-0: Ball 2-0: Called Strike 2-1: Called Strike 2-2: Strikes out swinging
|
Batting: LHB Justin Stickney
|
0-0: Ball 1-0: Ball 2-0: Fly out, F9 (Line Drive, 9S, EV 93.8 MPH)
|
Batting: RHB Ethan McCullough
|
0-0: Foul Ball, location: 2F 0-1: Ball 1-1: Ground out 6-3 (Groundball, 6, EV 90.6 MPH)
|
Top of the 5th over - 0 runs, 0 hits, 0 errors, 0 left on base; Birmingham 3 - Akron 0 |
BOTTOM OF THE 5TH |
Akron RubberDucks batting - Pitching for Birmingham Barons : RHP Ruben Castro
|
Batting: RHB George Wagner
|
0-0: Swinging Strike 0-1: Called Strike 0-2: Ball 1-2: Strikes out looking
|
Batting: LHB Robby Dann
|
0-0: Ball 1-0: Fly out, F9 (Flyball, 89M, EV 93.8 MPH)
|
Batting: RHB Mitch Boyd
|
0-0: Reached on error, E5 (Groundball, 56, EV 81.9 MPH)
|
Batting: SHB Valentin Laporte
|
0-0: Ball 1-0: Called Strike 1-1: Ball 2-1: Foul Ball, location: 2F 2-2: Ground out 6-3 (Groundball, 6M, EV 91.2 MPH)
|
Bottom of the 5th over - 0 runs, 0 hits, 1 error, 1 left on base; Birmingham 3 - Akron 0 |
TOP OF THE 6TH |
Birmingham Barons batting - Pitching for Akron RubberDucks : RHP Corey Larimer
|
Batting: LHB Matt Hyde
|
0-0: Ball 1-0: Ball 2-0: Ground out 4-3 (Groundball, 34D, EV 97.5 MPH)
|
Batting: RHB Toichiro Fujimoto
|
0-0: Called Strike 0-1: Foul Ball, location: 2F 0-2: Ball 1-2: Ball 2-2: Foul Ball, location: 2F 2-2: Strikes out swinging
|
Batting: SHB Josh Conner
|
0-0: Ball 1-0: Foul Ball, location: 2F 1-1: Foul Ball, location: 2F 1-2: Ball 2-2: Strikes out swinging
|
Top of the 6th over - 0 runs, 0 hits, 0 errors, 0 left on base; Birmingham 3 - Akron 0 |
BOTTOM OF THE 6TH |
Akron RubberDucks batting - Pitching for Birmingham Barons : RHP Ruben Castro
|
Pitching: LHP Kenny Morman
|
|
Batting: RHB Tristan Wright
|
0-0: Ball 1-0: Called Strike 1-1: Foul Ball, location: 2F 1-2: Ball 2-2: Foul Ball, location: 2F 2-2: Ball 3-2: Base on Balls
|
Batting: LHB Esteban Cordova
|
0-0: Ball 1-0: Called Strike 1-1: Foul Ball, location: 2F 1-2: Fly out, F9 (Flyball, 89S, EV 82.5 MPH)
|
Batting: RHB Justin Lauderdale
|
0-0: Ball Wild Pitch! Tristan Wright to second 1-0: Called Strike 1-1: Ball 2-1: Foul Ball, location: 2F 2-2: Ground out 5-3 (Groundball, 5S, EV 90.0 MPH)
|
Batting: RHB Anibal Casteles
|
0-0: Ball 1-0: Foul Ball, location: 2F 1-1: Foul Ball, location: 2F 1-2: Ball 2-2: Ball 3-2: Base on Balls
|
Batting: SHB Edwin Dominguez
|
0-0: Called Strike 0-1: Ball 1-1: Foul Ball, location: 2F 1-2: Ball 2-2: Foul Ball, location: 2F 2-2: Foul Ball, location: 2F 2-2: Ball 3-2: Foul Ball, location: 2F 3-2: Ground out 5-3 (Groundball, 5, EV 93.1 MPH)
|
Bottom of the 6th over - 0 runs, 0 hits, 0 errors, 2 left on base; Birmingham 3 - Akron 0 |
TOP OF THE 7TH |
Birmingham Barons batting - Pitching for Akron RubberDucks : RHP Corey Larimer
|
Pitching: RHP Jim Averette
|
|
Batting: RHB John Iddings
|
0-0: Ball 1-0: Foul Ball, location: 2F 1-1: Ball 2-1: Swinging Strike 2-2: Ground out U3 (Groundball, 34, EV 84.4 MPH)
|
Batting: RHB Mike Savage
|
0-0: Swinging Strike 0-1: Swinging Strike 0-2: Foul Ball, location: 2F 0-2: Foul Ball, location: 2F 0-2: Foul Ball, location: 2F 0-2: Strikes out looking
|
Batting: LHB Larry Myers
|
0-0: Called Strike 0-1: Ground out 6-3 (Groundball, 6, EV 90.6 MPH)
|
Top of the 7th over - 0 runs, 0 hits, 0 errors, 0 left on base; Birmingham 3 - Akron 0 |
BOTTOM OF THE 7TH |
Akron RubberDucks batting - Pitching for Birmingham Barons : LHP Kenny Morman
|
Pitching: LHP Mark Sharrett
|
|
Batting: RHB George Wagner
|
0-0: Called Strike 0-1: Called Strike 0-2: Ball 1-2: Strikes out swinging
|
Batting: LHB Robby Dann
|
0-0: Ball 1-0: Foul Ball, location: 2F 1-1: Foul Ball, location: 2F 1-2: Ground out 6-3 (Groundball, 4MS, EV 81.9 MPH)
|
Batting: RHB Mitch Boyd
|
0-0: Ball 1-0: Foul Ball, location: 2F 1-1: Ball 2-1: Foul Ball, location: 2F 2-2: Strikes out swinging
|
Bottom of the 7th over - 0 runs, 0 hits, 0 errors, 0 left on base; Birmingham 3 - Akron 0 |
TOP OF THE 8TH |
Birmingham Barons batting - Pitching for Akron RubberDucks : RHP Jim Averette
|
Batting: SHB Ruben Velasco Jr.
|
0-0: Ball 1-0: Ball 2-0: Swinging Strike 2-1: Foul Ball, location: 2F 2-2: Ball 3-2: Base on Balls
|
Batting: LHB Justin Stickney
|
0-0: Called Strike 0-1: Foul Ball, location: 2F 0-2: Foul Ball, location: 2F 0-2: Strikes out swinging
|
Batting: RHB Ethan McCullough
|
0-0: Called Strike 0-1: Ball Wild Pitch! Ruben Velasco Jr. to second 1-1: Ground out 6-3 (Groundball, 6, EV 78.8 MPH) Ruben Velasco Jr. to third
|
Batting: LHB Matt Hyde
|
0-0: Called Strike 0-1: Ball 1-1: Called Strike 1-2: Foul Ball, location: 2F 1-2: Ball 2-2: Strikes out looking
|
Top of the 8th over - 0 runs, 0 hits, 0 errors, 1 left on base; Birmingham 3 - Akron 0 |
BOTTOM OF THE 8TH |
Akron RubberDucks batting - Pitching for Birmingham Barons : LHP Mark Sharrett
|
Pitching: LHP Silas Chartier
|
|
Batting: SHB Valentin Laporte
|
0-0: Called Strike 0-1: Ball 1-1: Foul Ball, location: 2F 1-2: Foul Ball, location: 2F 1-2: SINGLE (Groundball, 6MD, EV 103.8 MPH)
|
Batting: RHB Tristan Wright
|
0-0: Ball 1-0: Foul Ball, location: 2F 1-1: Called Strike 1-2: Ball 2-2: DOUBLE (Line Drive, 9LM, EV 91.9 MPH) Valentin Laporte to third
|
Batting: LHB Esteban Cordova
|
0-0: Ball 1-0: Ball 2-0: Ball 3-0: Called Strike 3-1: Called Strike 3-2: SINGLE (Groundball, 4D, EV 95.0 MPH) Valentin Laporte scores Tristan Wright to third Runner from 3rd tries for Home, throw by CF and OUT! 8-2 Esteban Cordova to second
|
Batting: RHB Justin Lauderdale
|
0-0: Ball 1-0: Fly out, F9 (Flyball, 89S, EV 89.4 MPH)
|
Batting: RHB Anibal Casteles
|
0-0: Ball 1-0: Ball 2-0: Foul Ball, location: 2F 2-1: Swinging Strike 2-2: Strikes out looking
|
Bottom of the 8th over - 1 run, 3 hits, 0 errors, 1 left on base; Birmingham 3 - Akron 1 |
TOP OF THE 9TH |
Birmingham Barons batting - Pitching for Akron RubberDucks : RHP Jim Averette
|
Pitching: RHP En-guo Tsu
|
|
Pinch Hitting: LHB Dalton Silveira
|
0-0: SINGLE (Groundball, 4MD, EV 100.0 MPH)
|
Batting: SHB Josh Conner
|
0-0: Called Strike 0-1: Called Strike 0-2: Ball 1-2: Ball 2-2: Ball 3-2: Foul Ball, location: 2F 3-2: Strikes out swinging Dalton Silveira is caught stealing 2nd base 2-6 Batter strikes out.
|
Batting: RHB John Iddings
|
0-0: Ball 1-0: Foul Ball, location: 2F 1-1: Called Strike 1-2: Strikes out swinging
|
Top of the 9th over - 0 runs, 1 hit, 0 errors, 0 left on base; Birmingham 3 - Akron 1 |
BOTTOM OF THE 9TH |
Akron RubberDucks batting - Pitching for Birmingham Barons : LHP Silas Chartier
|
Pitching: RHP Rick Sacket
|
|
Now at C: Ethan McCullough
|
|
Now at 2B: Dalton Silveira
|
|
Batting: SHB Edwin Dominguez
|
0-0: Ball 1-0: Ball 2-0: Ball 3-0: Base on Balls
|
Pinch Hitting: SHB Jarrod Lindblad
|
0-0: Swinging Strike 0-1: Ball 1-1: Swinging Strike 1-2: Ball 2-2: Ball 3-2: Foul Ball, location: 2F 3-2: Strikes out looking Edwin Dominguez is caught stealing 2nd base 2-6 Batter strikes out.
|
Batting: LHB Robby Dann
|
0-0: Ball 1-0: Ball 2-0: Foul Ball, location: 2F 2-1: Foul Ball, location: 2F 2-2: Ground out 6-3 (Groundball, 6, EV 100.6 MPH)
|
Bottom of the 9th over - 0 runs, 0 hits, 0 errors, 0 left on base; Birmingham 3 - Akron 1 |
|